Construct Section Command Post
Selects Australian Defense Battlegroup
Selects Australian Light Infantry Section
Construct Field Infirmary
Selects 2-pounder Anti-tank Gun Team
2-pounder Anti-tank Gun Team
Selects CMP 15cwt Supply Run
Construct Platoon Command Post
6-pounder Anti-tank Gun Team
Construct Company Command Post
Selects Artillery Trip Wire Flares
Selects Archer Tank Destroyer
Unlock M3 Grant Medium Tanks
Selects Vehicle Over Repair